 Dungeon Crawl Stone Soup version 0.15.2 (webtiles) character file.

233 bullock the Ruinous (level 6, -2/32 HPs)
             Began as a Gargoyle Wizard on Nov 16, 2014.
             Was an Initiate of Vehumet.
             Slain by an iguana (5 damage)
             ... on Level 4 of the Dungeon.
             The game lasted 00:09:20 (2847 turns).

bullock the Ruinous (Gargoyle Wizard)               Turns: 2847, Time: 00:09:20

HP  -2/32        AC  8     Str 11      XL: 6   Next:  5%
MP  13/15        EV 10     Int 20      God: Vehumet [......]
Gold 86          SH  0     Dex  6      Spells:  5 memorised,  2 levels left

rFire  . . .     SeeInvis .     b - +2 cutlass (venom)
rCold  . . .     Clarity  .     q - +0 leather armour
rNeg   + . .     rCorr    .     (no shield)
rPois  +         rRot     +     (no helmet)
rElec  +         Spirit   .     (no cloak)
SustAb .         Warding  .     m - +0 pair of gloves
rMut   .         Stasis   .     (no boots)
Gourm  .                        (no amulet)
MR     .....                    a - +2 ring of dexterity
                                r - cursed -4 ring of dexterity

@: very slightly contaminated, not resistant to hostile enchantments, very
unstealthy
A: negative energy resistance 1, electricity resistance, unbreathing,
petrification resistance, rot immunity, AC +4
a: Renounce Religion


You were on level 4 of the Dungeon.
You worshipped Vehumet.
Vehumet was noncommittal.
You were not hungry.

You visited 1 branch of the dungeon, and saw 4 of its levels.

You collected 86 gold pieces.

Inventory:

Hand weapons
 b - a +2 cutlass of venom (weapon)
 z - a +2 hand axe of flaming
Armour
 m - a +0 pair of gloves (worn)
 q - a +0 leather armour (worn)
 v - a cursed +0 ring mail
Magical devices
 x - a wand of teleportation (3) {unknown}
Comestibles
 d - 3 bread rations
 i - 2 royal jellies
 o - a beef jerky
 p - 2 slices of pizza
 s - 2 meat rations
 D - 3 chunks of orc flesh
Scrolls
 e - a scroll of blinking {unknown}
 f - 4 scrolls of enchant armour {unknown}
 h - 5 scrolls of identify {unknown}
 j - a scroll of immolation {unknown}
 k - 3 scrolls of teleportation {unknown}
 n - 2 scrolls of noise {unknown}
 t - a scroll of recharging {unknown}
 w - a scroll of remove curse {unknown}
 y - a scroll of magic mapping {unknown}
 A - a scroll of enchant weapon {unknown}
Jewellery
 a - a +2 ring of dexterity (right hand)
 r - a cursed -4 ring of dexterity (left hand)
Potions
 g - 5 potions of curing {unknown}
 l - a potion of might {unknown}
 B - 2 potions of confusion {unknown}
Books
 c - a book of Minor Magic

   Spells                             Type                      Level
   *Magic Dart                        Conjuration                  1
   *Blink                             Translocation                2
   Call Imp                           Summoning                    2
   *Repel Missiles                    Charms/Air                   2
   Slow                               Hexes                        2
   *Conjure Flame                     Conjuration/Fire             3
   *Mephitic Cloud                    Conjuration/Poison/Air       3
 u - Vehumet's Volume of Conjuration
   (You found it on level 3 of the Dungeon)

   Spells                             Type                      Level
   *Magic Dart                        Conjuration                  1
 C - a book of Spatial Translocations

   Spells                             Type                      Level
   Apportation                        Translocation                1
   *Blink                             Translocation                2
   Shroud of Golubria                 Charms/Translocation         2
   Portal Projectile                  Translocation                3
   Teleport Other                     Translocation                3
   Passage of Golubria                Translocation                4


   Skills:
 - Level 1.5 Dodging
 - Level 2.1 Stealth
 + Level 4.2 Spellcasting
 * Level 4.6 Conjurations
   Level 0.8 Summonings
 * Level 2.0 Translocations


You had 2 spell levels left.
You knew the following spells:

 Your Spells              Type           Power        Failure   Level  Hunger
a - Magic Dart            Conj           ###.         1%          1    None
f - Conjure Flame         Conj/Fire      ##......     17%         3    ###....
q - Blink                 Tloc           N/A          10%         2    #......
r - Mephitic Cloud        Conj/Pois/Air  ##......     21%         3    ###....
v - Repel Missiles        Chrm/Air       #.....       21%         2    #......


Dungeon Overview and Level Annotations

Branches:
Dungeon (4/15)
 Temple: D:4-7

Altars:
Ashenzari
Kikubaaqudgha
Qazlal
Sif Muna
Vehumet
Xom


Innate Abilities, Weirdness & Mutations

You are resistant to torment.
You are immune to poison.
Your stone body is very resilient (AC +4).
You resist negative energy.
You are resistant to electric shocks.
You can survive without breathing.
You are immune to petrification.
You are immune to rotting.


Message History

The orc shouts!
The orc priest prays to Beogh.
You feel a wave of unholy energy pass over you.
The orc priest shouts!
The orc priest invokes the aid of Beogh against you.
Something smites you!
Ouch! That really hurt!
The iguana bites you!
* * * LOW HITPOINT WARNING * * *
Casting: Mephitic Cloud
Confirm with . or Enter, or press ? or * to list all spells.
Aiming: Mephitic Cloud
Press: ? - help, Shift-Dir - straight line
Okay, then.
Casting: Mephitic Cloud
Confirm with . or Enter, or press ? or * to list all spells.
You miscast Blink.
You are very lightly contaminated with residual magic.
Your skin tingles.
The iguana bites you.
You die...

......###.#.....<....
..........###########
#..........#..).......
.............)#########
...............#
.........([....#
...............#.#
#.................#
#.......@.......###
#.......ol........?
....o.........####
...$o.........#
#..o.>........#
.............#
............#
###########


You could see an iguana, 2 orc priests and 2 orcs.

Vanquished Creatures
  The ghost of bullock the Ruinous, an average GrWz of Vehumet (D:3)
  An orc wizard (D:4)
  Ijyb (D:2)
  Jessica (D:2)
  3 adders
  3 worms (D:2)
  2 giant geckos (D:1)
  9 orcs
  2 ball pythons (D:1)
  A giant cockroach (D:3)
  6 goblins
  2 hobgoblins
  8 bats
  4 giant newts
  2 jackals (D:3)
  3 kobolds
  6 rats
55 creatures vanquished.

Notes
Turn   | Place    | Note
--------------------------------------------------------------
     0 | D:1      | bullock, the Gargoyle Wizard, began the quest for the Orb.
     0 | D:1      | Reached XP level 1. HP: 10/10 MP: 4/4
    38 | D:1      | Found a shimmering altar of Xom.
   274 | D:1      | Reached XP level 2. HP: 13/15 MP: 3/6
   278 | D:1      | Learned a level 2 spell: Blink
   281 | D:1      | Learned a level 2 spell: Repel Missiles
   610 | D:1      | Found a shimmering altar of Xom.
   876 | D:1      | You fall through a shaft!
   903 | D:2      | Noticed Jessica
   928 | D:2      | Killed Jessica
   928 | D:2      | Reached XP level 3. HP: 19/19 MP: 4/8
  1449 | D:2      | Reached XP level 4. HP: 24/24 MP: 6/10
  1654 | D:2      | Noticed Ijyb
  1845 | D:2      | Found a stormy altar of Qazlal.
  1893 | D:2      | Killed Ijyb
  2055 | D:3      | Noticed bullock's ghost (average GrWz)
  2063 | D:3      | Killed bullock's ghost
  2063 | D:3      | Reached skill level 4 in Spellcasting
  2063 | D:3      | Reached skill level 1 in Translocations
  2063 | D:3      | Reached XP level 5. HP: 18/28 MP: 10/13
  2288 | D:3      | Found a radiant altar of Vehumet.
  2292 | D:3      | Identified Vehumet's Volume of Conjuration
  2294 | D:3      | Became a worshipper of Vehumet
  2299 | D:3      | Found a deep blue altar of Sif Muna.
  2303 | D:3      | Identified Sif Muna's Papyrus of Shape Shifting
  2308 | D:3      | Found an ancient bone altar of Kikubaaqudgha.
  2312 | D:3      | Identified Kikubaaqudgha's Reference Book on Darkness
  2432 | D:3      | Found a shimmering altar of Xom.
  2762 | D:3      | Learned a level 3 spell: Conjure Flame
  2766 | D:3      | Learned a level 3 spell: Mephitic Cloud
  2774 | D:4      | Found a shattered altar of Ashenzari.
  2805 | D:4      | Reached XP level 6. HP: 27/32 MP: 15/15
  2847 | D:4      | Slain by an iguana

Action                   |  1- 3 |  4- 6 || total
-------------------------+-------+-------++-------
Melee: Short sword       |    34 |       ||    34
       Cutlass           |    10 |    90 ||   100
 Cast: Magic Dart        |    37 |    31 ||    68
       Repel Missiles    |     1 |     1 ||     2
       Blink             |       |     2 ||     2
       Mephitic Cloud    |       |     1 ||     1
 Stab: Sleeping          |     1 |       ||     1
  Eat: Chunk             |     1 |     5 ||     6
